 Dungeon Crawl Stone Soup version 0.29-a0-824-gd827844252 (webtiles) character file.

Game seed: 933340430508477584

35054 riojii the Unseen (level 13, -12/65 HPs)
             Began as a Spriggan Enchanter on July 9, 2022.
             Was a High Priest of Dithmenos.
             Mangled by a catoblepas (14 damage)
             ... while petrified by a catoblepas
             ... on level 6 of the Lair of Beasts.
             The game lasted 00:41:34 (16773 turns).

riojii the Unseen (Spriggan Enchanter)             Turns: 16773, Time: 00:41:34

Health: -12/65     AC:  6    Str:  4    XL:     13   Next: 45%
Magic:  36/36      EV:  4    Int: 22    God:    Dithmenos [*****.]
Gold:   854        SH:  0    Dex: 15    Spells: 26/31 levels left

rFire   . . .      SeeInvis +   g - +3 dagger (freeze)
rCold   . . .      Faith    .   (no shield)
rNeg    + + +      Spirit   .   w - +1 steam dragon scales
rPois   ∞          Reflect  +   L - +0 mask of the Dragon {Will+ Slay+3 SInv}
rElec   .          Harm     .   (no cloak)
rCorr   .          Rampage  .   (gloves unavailable)
Will    +++..                   (boots unavailable)
Stlth   ++++++++++              o - amulet of reflection
HPRegen 0.20/turn               f - ring of magical power
MPRegen 0.25/turn               y - +4 ring of evasion

@: petrified, wreathed by umbra, very quick
A: very small, no large weapons, unfitting armour, see invisible, speed 3
a: Renounce Religion, Shadow Step, Shadow Form


You were on level 6 of the Lair of Beasts.
You worshipped Dithmenos.
Dithmenos was extremely pleased with you.
You visited 3 branches of the dungeon, and saw 15 of its levels.

You collected 854 gold pieces.

Inventory:

Hand Weapons
 g - a +3 dagger of freezing (weapon)
Armour
 w - +1 steam dragon scales (worn)
 L - the +0 mask of the Dragon (worn) {Will+ Slay+3 SInv}
   (You found it on level 4 of the Lair of Beasts)

   Slay:      It affects your accuracy & damage with ranged weapons and melee
   (+3).
   SInv:      It lets you see invisible.
   Will:      It increases your willpower.
Jewellery
 f - a ring of magical power (left hand)
 o - an amulet of reflection (around neck)
 v - a ring of positive energy
 x - a ring of protection from cold
 y - a +4 ring of evasion (right hand)
 G - a ring of protection from fire
 H - a ring of poison resistance
 I - a +4 ring of protection
 O - a ring of resist corrosion
Wands
 m - a wand of paralysis (7)
 n - a wand of digging (7)
 q - a wand of mindburst (7)
 u - a wand of polymorph (12)
 D - a wand of flame (34)
 F - a wand of light (7)
 K - a wand of roots (3)
Scrolls
 a - 2 scrolls of enchant weapon
 b - 2 scrolls of fog
 l - 2 scrolls of summoning
 p - a scroll of blinking
 s - 5 scrolls of teleportation
 C - 2 scrolls of silence {unknown}
 E - 2 scrolls of fear {unknown}
 J - 3 scrolls of amnesia {unknown}
 M - a scroll of enchant armour
 N - a scroll of identify
 P - a scroll of magic mapping {unknown}
Potions
 c - 3 potions of invisibility
 d - 2 potions of curing
 e - 3 potions of attraction
 h - a potion of heal wounds
 i - a potion of brilliance
 j - 3 potions of cancellation
 k - 2 potions of berserk rage
 r - 4 potions of might
 t - 2 potions of flight
 z - a potion of ambrosia
 A - 2 potions of haste
 B - 2 potions of mutation {unknown}


   Skills:
 + Level 6.4 Fighting
 * Level 12.1 Short Blades
 + Level 10.6 Dodging
 * Level 17.1 Stealth
 + Level 9.9 Spellcasting
 * Level 13.5 Hexes
 - Level 2.3 Ice Magic


You had 26 spell levels left.
You knew the following spells:

 Your Spells              Type           Power      Damage    Failure   Level
a - Ensorcelled Hibernat  Hex/Ice        90%        N/A       1%          2
b - Confusing Touch       Hex            63%        N/A       1%          3

Your spell library contained the following spells:

 Spells                   Type           Power      Damage    Failure   Level
 Dazzling Flash           Conj/Hex       80%        N/A       1%          3
 Tukima's Dance           Hex            63%        N/A       1%          3
 Apportation              Tloc           20%        N/A       6%          1
 Beastly Appendage        Tmut           20%        N/A       6%          1
 Necrotise                Necr           40%        1d6       6%          1
 Shock                    Conj/Air       40%        1d5       6%          1
 Summon Small Mammal      Summ           40%        N/A       6%          1
 Wereblood                Tmut           10%        N/A       10%         2
 Spider Form              Tmut/Pois      10%        N/A       19%         3
 Swiftness                Air            10%        N/A       19%         3
 Airstrike                Air            5%         0-3+      52%         4
 Corpse Rot               Necr/Pois/Air  10%        N/A       52%         4
 Dispel Undead            Necr           10%        3d9       52%         4
 Death Channel            Necr           5%         N/A       100%        6


Dungeon Overview and Level Annotations

Branches:
Dungeon (8/15)             Temple (1/1) D:5            Lair (6/6) D:8
  Swamp (0/4) Lair:3        Snake (0/4) Lair:4
  Slime: Lair:5-6

Altars:
Ashenzari
Cheibriados
Dithmenos
Elyvilon
Fedhas
Gozag
Hepliaklqana
Kikubaaqudgha
Makhleb
Nemelex Xobeh
Okawaru
Qazlal
Ru
Trog
Uskayaw
Vehumet
Wu Jian
Xom
Yredelemnul
Zin
The Shining One

Shops:
D:6 (   D:7 :


Innate Abilities, Weirdness & Mutations

You are very small and have problems with some larger weapons.
You are too small for most types of armour.
You have supernaturally acute eyesight. (SInv)
You cover ground extremely quickly. (Speed+++)


Message History

You are engulfed in calcifying dust.
You are slowing down.
The fungus is engulfed in calcifying dust.
The catoblepas completely misses you.
A blink frog comes into view.
The fungus is engulfed in calcifying dust.
You feel better.
The fungus is engulfed in calcifying dust.
A nearby fungus withers and dies.
The catoblepas gores you!
Your limbs are stiffening.
You hit the catoblepas but do no damage.
The catoblepas is lightly wounded.
The water moccasin is engulfed in calcifying dust.
The water moccasin is moving more slowly.
The water moccasin barely misses you. The catoblepas gores you!
You have turned to stone.
The blink frog blinks!
The water moccasin is engulfed in calcifying dust.
The water moccasin stops moving altogether!
The catoblepas barely misses you.
The water moccasin is engulfed in calcifying dust.
The catoblepas gores you!
The blink frog blinks!
The catoblepas gores you!!
The catoblepas breathes a plume of calcifying dust at you.
The blast of calcifying dust hits you.
* * * LOW HITPOINT WARNING * * *
You are engulfed in calcifying dust.
The blink frog hits you!
* * * LOW HITPOINT WARNING * * *
The blink frog hits you.
The catoblepas stomps with a crash on the ground.
The catoblepas gores you!
* * * LOW HITPOINT WARNING * * *
You are engulfed in calcifying dust.
The blink frog hits you.
* * * LOW HITPOINT WARNING * * *
The catoblepas gores you!
* * * LOW HITPOINT WARNING * * *
You are engulfed in calcifying dust.
Your hands stop glowing.
The blink frog barely misses you. The catoblepas gores you!!
You die...

#### ### #
######..#######.###P##
#.#P#.#..#.#..P.#.#..#
#.....................
#....§................
#....§F÷..............
#..<÷@........†.......
##...YS.........#
#............††#......
#.....##.......#.#....
##....##.#######.. ...
#.......# #.. ..
#.F...##.. #.. .
..#......#... ...
...P...##. .#. #...


You could see a catoblepas, a cane toad (wandering), a blink frog and a water
moccasin (petrified).

Vanquished Creatures
  A boulder beetle (Lair:4)
  4 hydras
  Erica (Lair:2)
  A two-headed ogre (D:8)
  3 death yaks (Lair:4)
  A bog body (Lair:3)
  11 elephants
  5 black mambas
  13 cane toads
  2 torpor snails
  5 rime drakes
  8 komodo dragons
  A polar bear (Lair:5)
  2 hornets (D:8)
  Prince Ribbit (Lair:3)
  Grinder (D:5)
  7 blink frogs
  6 dream sheep (Lair:5)
  6 wyverns
  40 yaks
  3 basilisks
  Eustachio (D:6)
  5 steam dragons
  3 nagas (Lair:4)
  A sky beast (D:4)
  10 water moccasins
  2 orc warriors
  2 ice beasts (D:6)
  A black bear (D:8)
  6 wolves (Lair:5)
  2 ogres (D:7)
  2 centaurs
  2 phantoms
  2 kobold brigands
  10 bullfrogs
  A scorpion (D:6)
  A necrophage (D:7)
  3 howler monkeys (D:8)
  5 hounds
  2 orc priests (D:7)
  Ijyb (D:5)
  5 iguanas
  Natasha (thrice) (D:2)
  7 orc wizards
  11 gnolls
  6 adders
  3 ufetubi
  3 worms (D:2)
  3 dart slugs
  15 orcs
  6 ball pythons
  8 endoplasms
  3 giant cockroaches
  9 goblins
  7 hobgoblins
  4 jackals (D:4)
  13 kobolds
  2 quokkas
  7 bats
  3 frilled lizards (D:1)
  6 rats
308 creatures vanquished.

Vanquished Creatures (others)
  A white imp (D:5)
  16 fungi
  31 plants
48 creatures vanquished.

Grand Total: 356 creatures vanquished

Notes
Turn   | Place    | Note
-------+----------+-------------------------------------------
     0 | D:1      | riojii the Spriggan Enchanter began the quest for the Orb.
     0 | D:1      | Reached XP level 1. HP: 9/9 MP: 5/5
   313 | D:1      | Reached XP level 2. HP: 13/13 MP: 6/6
   319 | D:1      | Learned a level 2 spell: Ensorcelled Hibernation
  1415 | D:2      | Noticed Natasha
  1421 | D:2      | Killed Natasha
  1422 | D:2      | Reached skill level 5 in Stealth
  1422 | D:2      | Reached XP level 3. HP: 17/17 MP: 4/8
  1426 | D:2      | Learned a level 3 spell: Confusing Touch
  1646 | D:2      | Noticed Natasha
  1720 | D:2      | Killed Natasha
  1721 | D:2      | Reached XP level 4. HP: 14/21 MP: 1/9
  1874 | D:2      | Noticed Natasha
  1927 | D:2      | Killed Natasha
  2064 | D:2      | Found a faded altar of an unknown god.
  2153 | D:2      | Reached skill level 1 in Fighting
  2153 | D:2      | Reached XP level 5. HP: 25/25 MP: 7/10
  2511 | D:3      | Found a glowing golden altar of the Shining One.
  3164 | D:4      | Reached skill level 6 in Stealth
  3330 | D:4      | Noticed a sky beast
  3355 | D:4      | Killed a sky beast
  3356 | D:4      | Reached skill level 5 in Hexes
  3356 | D:4      | Reached skill level 1 in Ice Magic
  3356 | D:4      | Reached XP level 6. HP: 18/30 MP: 9/12
  4189 | D:5      | Entered Level 5 of the Dungeon
  4342 | D:5      | Noticed Ijyb
  4346 | D:5      | Killed Ijyb
  4347 | D:5      | Reached XP level 7. HP: 33/33 MP: 13/13
  4555 | D:5      | Found a staircase to the Ecumenical Temple.
  4570 | Temple   | Entered the Ecumenical Temple
  4731 | Temple   | Became a worshipper of Dithmenos the Shadowed
  4791 | D:5      | Noticed Grinder
  4810 | D:5      | Killed Grinder
  4811 | D:5      | Reached skill level 7 in Stealth
  5358 | D:6      | Reached XP level 8. HP: 39/39 MP: 15/15
  5420 | D:6      | Reached skill level 5 in Dodging
  5485 | D:6      | Reached skill level 8 in Stealth
  5501 | D:6      | Found a sparkling altar of Nemelex Xobeh.
  5549 | D:6      | Reached * piety under Dithmenos
  5617 | D:6      | Reached skill level 5 in Short Blades
  5855 | D:6      | Noticed Eustachio
  5863 | D:6      | Killed Eustachio
  5869 | D:6      | Reached skill level 9 in Stealth
  5869 | D:6      | Reached skill level 5 in Spellcasting
  6239 | D:6      | Found an ornate altar of the Wu Jian Council.
  6403 | D:6      | Found Houhas's Weapon Boutique.
  6904 | D:7      | Found Xehymoik's Book Boutique.
  6985 | D:7      | Reached XP level 9. HP: 43/43 MP: 18/18
  7098 | D:7      | Reached skill level 10 in Stealth
  7462 | D:7      | Reached ** piety under Dithmenos
  7799 | D:8      | Noticed a two-headed ogre
  7987 | D:8      | Found a staircase to the Lair.
  7987 | D:8      | Noticed an elephant
  8042 | D:8      | Killed an elephant
  8043 | D:8      | Reached skill level 11 in Stealth
  8043 | D:8      | Reached XP level 10. HP: 49/49 MP: 14/20
  8095 | D:8      | Killed a two-headed ogre
  8479 | D:8      | Found a flagged portal.
  8935 | Lair:1   | Entered Level 1 of the Lair of Beasts
  8986 | Lair:1   | You fall into a shaft and drop 1 floor!
  9021 | Lair:2   | Noticed a cane toad
  9027 | Lair:2   | Killed a cane toad
  9051 | Lair:2   | Noticed a cane toad
  9057 | Lair:2   | Killed a cane toad
  9058 | Lair:2   | Reached skill level 12 in Stealth
  9069 | Lair:2   | Noticed a cane toad
  9076 | Lair:2   | Killed a cane toad
  9270 | Lair:2   | Noticed Erica
  9285 | Lair:2   | Killed Erica
  9419 | Lair:2   | Reached skill level 10 in Hexes
  9585 | Lair:1   | Noticed a cane toad
  9588 | Lair:1   | Killed a cane toad
  9589 | Lair:1   | Reached XP level 11. HP: 54/54 MP: 22/22
  9612 | Lair:1   | Reached skill level 13 in Stealth
  9715 | Lair:1   | Noticed an eight-headed hydra
  9734 | Lair:1   | Killed an eight-headed hydra
  9779 | Lair:1   | Reached *** piety under Dithmenos
 10678 | Lair:3   | Noticed a seven-headed hydra
 10679 | Lair:3   | Reached skill level 14 in Stealth
 10681 | Lair:3   | Reached skill level 5 in Fighting
 11015 | Lair:3   | Killed a seven-headed hydra
 11290 | Lair:3   | Noticed Prince Ribbit
 11320 | Lair:3   | Reached skill level 10 in Short Blades
 11401 | Lair:3   | Reached XP level 12. HP: 44/60 MP: 16/25
 11511 | Lair:3   | Killed Prince Ribbit
 11956 | Lair:3   | Found the +4 skin of Zhor {*Englaciate rC+++ SInv}
 12005 | Lair:3   | Found a staircase to the Swamp.
 12023 | Lair:3   | Reached skill level 15 in Stealth
 12767 | Lair:4   | Noticed a boulder beetle
 12773 | Lair:4   | Killed a boulder beetle
 12801 | Lair:4   | Found the +0 mask of the Dragon {Will+ Slay+3 SInv}
 12813 | Lair:4   | Noticed an eight-headed hydra
 12820 | Lair:4   | Killed an eight-headed hydra
 12829 | Lair:4   | Noticed a death yak
 12829 | Lair:4   | Noticed a death yak
 12829 | Lair:4   | Noticed a death yak
 13130 | Lair:4   | Reached **** piety under Dithmenos
 13171 | Lair:4   | Found a staircase to the Snake Pit.
 13898 | Lair:4   | Killed a death yak
 13899 | Lair:4   | Reached skill level 16 in Stealth
 13915 | Lair:4   | Killed a death yak
 13916 | Lair:4   | Reached skill level 10 in Dodging
 13927 | Lair:4   | Killed a death yak
 14578 | Lair:5   | Reached XP level 13. HP: 44/65 MP: 22/27
 14917 | Lair:5   | Identified the +3 leather armour of Beastly Wonder {Contam
                  | Drain rPois Regen+}
 15400 | Lair:5   | Reached ***** piety under Dithmenos
 16073 | Lair:6   | Entered Level 6 of the Lair of Beasts
 16073 | Lair:6   | Found an ancient bone altar of Kikubaaqudgha.
 16396 | Lair:6   | Reached skill level 17 in Stealth
 16772 | Lair:6   | HP: 2/65 [catoblepas (4)]
 16773 | Lair:6   | Mangled by a catoblepas

Illustrated notes

Levels and vault maps discovered:
D:1:      evilmike_arrival_rings, layout_loops_corners
D:2:      layout_basic, ebering_ecumenical_altar_box, minivault_19, uniq_natasha
D:3:      layout_loops_cross, nicolae_tso_swordbearing_angel
D:4:      layout_loops_ring
D:5:      layout_rooms, minmay_temple_entry_offerings, lemuel_another_geyser,
          uniq_ijyb, uniq_grinder
D:6:      layout_basic, pf_just_have_faith, nemelex_spade_bored_becter,
          nicolae_inconvenience_store, uniq_eustachio
D:7:      layout_loops_ring, serial_shops, nicolae_shop_trees, minmay_circle_x
D:8:      layout_basic, david_lair_generic, enter_bailey_3
Temple:   hc_temple_tempest_star
Lair:1:   layout_chaotic_city
Lair:2:   layout_regular_city, columned_hall_lemuel, beast_lair_carwin_9,
          serial_bayou_shore_b, uniq_erica
Lair:3:   layout_cave_pods, skrybe_swamp_entry_bodies, serial_bayou_pond_a,
          hellmonk_guarded_unrand_zhor, grunt_megastairs_3, uniq_prince_ribbit2
Lair:4:   layout_roguey, minmay_snake_entry_guardpost_small,
          serial_bayou_pond_d, chequers_serial_rivers_micro_b,
          grunt_megastairs_5
Lair:5:   layout_small_grid, beast_lair_carwin_4
Lair:6:   hangedman_lair_in_review, layout_long_grid, wormcave,
          nicolae_slime_entry_slimehenge, basic_altar, lemuel_fruit_fields

Skill      XL: |  1  2  3  4  5  6  7  8  9 10 11 12 13 |
---------------+----------------------------------------+-----
Dodging        | 3 4 5 6 7 9 10 | 10.6
Hexes          | 4 5 6 7 8 10 11 12 13 | 13.5
Short Blades   | 2 3 4 5 7 8 10 11 12 | 12.1
Stealth        | 5 6 7 9 11 12 14 16 17 | 17.1
Spellcasting   | 3 4 5 6 7 8 9 |  9.9
Fighting       | 1 2 3 4 5 6 |  6.4
Ice Magic      | 1 2 |  2.3

Action                   |  1- 3 |  4- 6 |  7- 9 | 10-12 | 13-15 || total
-------------------------+-------+-------+-------+-------+-------++-------
Melee: Dagger            |    49 |   101 |   163 |   291 |   135 ||   739
       Punch             |       |       |     1 |     4 |     1 ||     6
 Cast: Ensorcelled Hiber |     9 |    35 |    72 |   159 |    61 ||   336
       Confusing Touch   |       |     1 |     8 |    14 |     4 ||    27
  Use: Scroll            |     2 |    12 |     4 |     5 |       ||    23
       Potion            |       |       |       |       |     2 ||     2
 Stab: Sleeping          |    21 |    30 |    55 |    93 |    25 ||   224
       Distracted        |     1 |       |       |       |       ||     1
       Confused          |       |     2 |    11 |    14 |     4 ||    31
Armor: Robe              |     2 |    10 |     7 |       |       ||    19
       Steam dragon scal |       |       |     9 |    19 |    13 ||    41
Dodge: Dodged            |    14 |    78 |   135 |   189 |   179 ||   595
Block: Other             |       |     8 |    27 |    30 |    41 ||   106

Table legend: (Time is in decaauts)
 A = Elapsed time spent in this place.
 B = Non-inter-level travel time spent in this place.
 C = Inter-level travel time spent in this place.
 D = Time resting spent in this place.
 E = Time spent auto-exploring this place.
 F = Levels seen in this place.
 G = Mean time per level.
                   A        B        C        D        E       F      G
               +--------+--------+--------+--------+--------+-----+--------+
         Total |  12809 |  12462 |    347 |   1290 |   9034 |  15 |  853.9 |
       Dungeon |   6512 |   6246 |    266 |    174 |   4984 |   8 |  814.0 |
        Temple |    133 |    108 |     25 |      0 |     96 |   1 |  133.0 |
          Lair |   6163 |   6108 |     55 |   1116 |   3952 |   6 | 1027.2 |
               +--------+--------+--------+--------+--------+-----+--------+

Top non-repeatable levels by time:
  Lair:3: 1849 daAuts
  Lair:5: 1480 daAuts
     D:6: 1200 daAuts
  Lair:4: 1085 daAuts
     D:1: 993 daAuts
     D:7: 922 daAuts
     D:4: 883 daAuts
  Lair:2: 863 daAuts
     D:2: 786 daAuts
     D:8: 765 daAuts
  Lair:1: 517 daAuts
     D:5: 515 daAuts
     D:3: 444 daAuts
  Lair:6: 368 daAuts
  Temple: 133 daAuts
